 Dungeon Crawl Stone Soup version 0.14-a0-1686-g0e827d1 (webtiles) character file.

492 Nicoed the Chopper (level 6, -1/53 HPs)
             Began as a Minotaur Berserker on Dec 30, 2013.
             Was an Elder of Trog.
             Killed by divine providence
             ... invoked by an orc priest
              (14 damage)
             ... on Level 4 of the Dungeon.
             The game lasted 00:08:45 (2445 turns).

Nicoed the Chopper (Minotaur Berserker)             Turns: 2445, Time: 00:08:45

HP  -1/53        AC  8     Str 28      XL: 6   Next: 44%
MP   3/3         EV  7     Int  4      God: Trog [****..]
Gold 117         SH 34     Dex 10      Spells:  0 memorised,  5 levels left

rFire  . . .     SeeInvis .     a - +0 hand axe
rCold  . . .     Clarity  .     k - +2 ring mail
rNeg   . . .     Conserve .     l - +1 dwarf large shield
rPois  .         rCorr    .     (helmet restricted)
rElec  .         rRot     .     (no cloak)
SustAb . .       Spirit   .     o - +0 pair of gloves
rMut   .         Warding  .     (no boots)
Saprov . . .     Stasis   .     (no amulet)
                                (no ring)
                                (no ring)

@: mighty, mildly poisoned, glowing, slightly resistant to hostile enchantments,
extremely unstealthy
A: retaliatory headbutt, horns 2
a: Burn Spellbooks, Berserk, Trog's Hand, Brothers in Arms, Renounce Religion


You were on level 4 of the Dungeon.
You worshipped Trog.
Trog was greatly pleased with you.
You were full.

You visited 1 branch of the dungeon, and saw 4 of its levels.

You collected 117 gold pieces.

Inventory:

Hand weapons
 a - a +0,+0 hand axe (weapon)
Armour
 k - a +2 ring mail (worn)
 l - a +1 dwarven large shield (worn)
 o - a +0 pair of gloves (worn)
Comestibles
 c - 2 bread rations
Scrolls
 d - 4 scrolls of identify {unknown}
 e - a scroll of noise {unknown}
 i - 3 scrolls of remove curse {unknown}
 p - a scroll of curse jewellery {unknown}
 q - a scroll of recharging {unknown}
 r - a scroll of curse weapon {unknown}
 s - a scroll of curse armour {unknown}
 t - a scroll of enchant weapon I {unknown}
Jewellery
 h - an uncursed amulet of rage {unknown}
Potions
 b - a potion of might
 f - 4 potions of heal wounds {unknown}
 g - 2 potions of curing {unknown}
 j - a potion of invisibility {unknown}
 m - 4 potions of speed {unknown}
 n - a potion of agility {unknown}


   Skills:
 + Level 4.7 Fighting
 + Level 5.2 Axes
 + Level 3.4 Armour
 + Level 3.7 Dodging
 + Level 0.5 Stealth
 + Level 4.2 Shields


You had 5 spell levels left.
You didn't know any spells.

Dungeon Overview and Level Annotations

Branches:
Dungeon (4/16)
 Temple: D:4-7

Altars:
Kikubaaqudgha
Xom


Innate Abilities, Weirdness & Mutations

You reflexively headbutt those who attack you in melee.
You have a pair of horns on your head.


Message History

Press: ? - help, v - describe, . - travel
Here: an orc priest The floor.
You feel very mighty all of a sudden.
It was a potion of might.
* * * LOW HITPOINT WARNING * * *
You feel sick.
You feel a little better.
The orc priest invokes the aid of Beogh against you.
Pain shoots through your body!
* * * LOW HITPOINT WARNING * * *
You are too injured to fight recklessly!
You are too injured to fight recklessly!
Unknown command.
You are too injured to fight recklessly!
* * * LOW HITPOINT WARNING * * *
You feel sick.
The orc priest mumbles some strange prayers to Beogh against you.
Something smites you!
You die...

## .... ...#
...#
######.#..#
...###
#.@o......#
.....
#.######..#
...# #.# ...#
#.######..#
...###
#.#.......#
.....#
#.#.####.##.#
.....#
#.))).......#
.....#
.###.####.####
.##### #.# #.#
#.#


You could see an orc priest.

Vanquished Creatures
  An ogre (D:4)
  Duvessa (D:4)
  Dowan (D:4)
  A hound (D:4)
  Jessica (D:2)
  3 adders
  4 gnolls (D:3)
  3 worms
  A giant gecko (D:3)
  4 orcs
  A ball python (D:2)
  4 bats
  3 giant cockroaches
  5 goblins
  7 hobgoblins
  12 kobolds
  A quokka (D:2)
  4 giant newts
  A quokka skeleton (D:3)
  8 rats
66 creatures vanquished.

Vanquished Creatures (others)
  A human (D:2)
1 creature vanquished.

Grand Total: 67 creatures vanquished

Notes
Turn   | Place    | Note
--------------------------------------------------------------
     0 | D:1      | Nicoed, the Minotaur Berserker, began the quest for the Orb.
     0 | D:1      | Reached XP level 1. HP: 19/19 MP: 1/1
   308 | D:1      | Reached XP level 2. HP: 14/27 MP: 1/1
   647 | D:2      | Acquired Trog's second power
   647 | D:2      | Reached skill level 4 in Axes
   979 | D:2      | Found an ancient bone altar of Kikubaaqudgha.
   985 | D:2      | Noticed a human
   986 | D:2      | Killed a human
   996 | D:2      | Reached XP level 3. HP: 26/33 MP: 2/2
  1085 | D:2      | Noticed Jessica
  1092 | D:2      | Killed Jessica
  1092 | D:2      | Reached skill level 1 in Shields
  1545 | D:3      | Reached XP level 4. HP: 41/41 MP: 2/2
  2105 | D:3      | Reached XP level 5. HP: 42/47 MP: 2/2
  2155 | D:3      | Found a shimmering altar of Xom.
  2167 | D:4      | Noticed an ogre
  2174 | D:4      | Killed an ogre
  2175 | D:4      | Reached skill level 5 in Axes
  2407 | D:4      | Noticed Dowan
  2408 | D:4      | Noticed Duvessa
  2415 | D:4      | Reached XP level 6. HP: 53/53 MP: 3/3
  2424 | D:4      | Killed Duvessa
  2427 | D:4      | Killed Dowan
  2427 | D:4      | Acquired Trog's third power
  2445 | D:4      | Killed from afar by an orc priest

Action                   |  1- 3 |  4- 6 || total
-------------------------+-------+-------++-------
Melee: Hand axe          |   101 |    99 ||   200
Invok: Berserk           |       |     1 ||     1
  Use: Potion            |       |     1 ||     1
